 Dungeon Sprint DCSS version 0.31-a0-700-gf13585253f (webtiles) character file.

Game seed: 14629411439873345065

227 sircluck the Ruffian (level 5, -3/88 HPs)
             Began as a Troll Berserker on Sept 7, 2023.
             Was an Elder of Trog.
             Killed from afar by a deep elf pyromancer (11 damage)
             ... with a sticky flame
             ... in the Dungeon (Sprint III: "The Ten Rune Challenge").
             The game lasted 00:00:34 (222 turns).

sircluck the Ruffian (Troll Berserker)               Turns: 222, Time: 00:00:35

Health: -3/88      AC:  6    Str: 27    XL:     5   Next: 70%
Magic:  4/4        EV: 11    Int:  3    God:    Trog [****..]
Gold:   60         SH:  0    Dex:  9    Spells: 4/4 levels left

rFire   . .          .
                       - Unarmed
rCold   . . .        (no shield)
rNeg    . . .        a - +0 animal skin
rPois   .            (helmet restricted)
rElec   .            (no cloak)
rCorr   .            (gloves unavailable)
SInv    .            (boots unavailable)
Will    .....        (no amulet) Stlth
                     (no ring)
HPRegen 1.14/turn    (no ring)
MPRegen 0.09/turn

%: no teleportation
@: berserking, on fire, glowing, very quick
A: large, unfitting armour, claws 3, regeneration 1, shaggy fur 1, tough skin 1,
iridescent scales 1, mutation resistance 1
a: Renounce Religion, Berserk, Trog's Hand, Brothers in Arms


You were in the Dungeon.
You worshipped Trog.
Trog was greatly pleased with you.
You visited 1 branch You collected 60 gold pieces.

Inventory:

Armour
 a - a +0 animal skin (worn)
Scrolls
 g - a scroll of blinking
 h - a scroll of butterflies {unknown}
 j - 2 scrolls of poison {unknown}
 k - 3 scrolls of identify
Potions
 b - a potion of curing
 c - a potion of heal wounds
 d - a potion of haste
 e - 2 potions of magic
 f - a potion of berserk rage
 i - 3 potions of mutation
 l - 2 potions of enlightenment {unknown}


   Skills:
 + Level 6.3 Fighting
 + Level 6.2 Dodging
 + Level 7.4 Unarmed Combat


You had 4 spell levels left.
You didn't know any spells.
Your spell library was empty.

Dungeon Overview and Level Annotations

Branches:
Dungeon (1/1)

Altars:
Dithmenos
Elyvilon
Kikubaaqudgha
Ru
Sif Muna
Vehumet
Yredelemnul
Zin
The Shining One


Innate Abilities, Weirdness & Mutations

You are too large for most types of armour.
You have claws for hands.
Your natural rate of healing is unusually fast.
You are covered in fur. (AC +1)
You have tough skin. (AC +1)
You are partially covered in iridescent scales. (AC +2)
You are somewhat resistant to further mutation.


Message History

The deep elf pyromancer hits you but does no damage.
The fire elemental hits you. The fire elemental burns you!
You are too injured to fight recklessly!
You are too injured to fight recklessly!
You are too injured to fight recklessly!
You are too injured to fight recklessly!
You are too injured to fight recklessly!
You claw the deep elf pyromancer!
The deep elf pyromancer is moderately wounded.
The deep elf pyromancer hits you but does no damage.
The fire elemental closely misses you.
You closely miss the deep elf pyromancer.
The deep elf pyromancer is moderately wounded.
The fire elemental hits you. The fire elemental burns you!
The deep elf pyromancer points at you and mumbles some strange words.
The bolt of fire misses you.
A red film seems to cover your vision as you go berserk!
You feel yourself moving faster!
You feel mighty! The fire elemental barely misses you.
The deep elf pyromancer hits you with a +1 long sword of holy wrath.
* * * LOW HITPOINT WARNING * * *
You barely miss the deep elf pyromancer.
The deep elf pyromancer is lightly wounded.
The fire elemental hits you. The fire elemental burns you!
* * * LOW HITPOINT WARNING * * *
You miss the deep elf pyromancer.
The deep elf pyromancer is lightly wounded.
The deep elf pyromancer closely misses you.
The fire elemental hits you. The fire elemental burns you!
* * * LOW HITPOINT WARNING * * *
You mangle the deep elf pyromancer!!
The deep elf pyromancer is almost dead.
You barely miss the deep elf pyromancer.
Your claw misses the deep elf pyromancer.
The deep elf pyromancer is almost dead.
The fire elemental closely misses you.
The deep elf pyromancer gestures at you while chanting.
The sticky flame hits you!
You are covered in liquid flames!
You die...

▓▓▓▓▓▓▓ ▓▓▓ .'....♣♣
♣.##### #### .#.....♣
♣♣.#___# #__# ##....♣♣♣
♣..#!e.# #)_#
.#....~.♣♣♣..###@#+###†##
.#.†.~~♣♣♣.♣.#..E.......#
.#..~~~~♣♣...'.⌠........#
'#..~≈≈~~~♣♣.#...######+#
.#.~~≈~~~....#)⌠.#
.#.~≈†~~.....#...#
.#.~~~.......#'###
##...........#.).#
.............#___#


You could see a deep elf pyromancer and a fire elemental (summoned).

Vanquished Creatures
  A necrophage (D)
  A water elemental (D)
  A wizard (D)
  A necromancer (D)
  A human (D)
  A kobold demonologist (D)
  A wolf (D)
  4 rats (D)
11 creatures vanquished.

Notes
Turn   | Place    | Note
-------+----------+-------------------------------------------
     0 | D        | sircluck the Troll Berserker began the quest for the Orb.
     0 | D        | Reached XP level 1. HP: 22/22 MP: 0/0
    15 | D        | Reached ** piety under Trog
    38 | D        | Noticed a wolf
    43 | D        | Killed a wolf
    44 | D        | Reached skill level 4 in Unarmed Combat
    44 | D        | Reached XP level 2. HP: 25/31 MP: 1/1
    55 | D        | Reached XP level 3. HP: 39/39 MP: 2/2
    89 | D        | Noticed a water elemental
    93 | D        | Killed a water elemental
    93 | D        | Reached *** piety under Trog
    94 | D        | Reached skill level 5 in Unarmed Combat
    94 | D        | Reached XP level 4. HP: 49/49 MP: 3/3
   147 | D        | Gained mutation: You are partially covered in iridescent
                  | scales. (AC +2) [potion of mutation]
   147 | D        | Gained mutation: You are somewhat resistant to further
                  | mutation. [potion of mutation]
   161 | D        | Found a basalt altar of Yredelemnul.
   161 | D        | Found a shadowy altar of Dithmenos.
   161 | D        | Found a sacrificial altar of Ru.
   161 | D        | Noticed a necrophage
   170 | D        | Killed a necrophage
   171 | D        | Reached skill level 5 in Fighting
   171 | D        | Reached skill level 5 in Dodging
   171 | D        | Reached skill level 6 in Unarmed Combat
   171 | D        | Reached XP level 5. HP: 55/58 MP: 4/4
   173 | D        | Reached skill level 7 in Unarmed Combat
   191 | D        | Found a radiant altar of Vehumet.
   191 | D        | Found a shimmering blue altar of Sif Muna.
   191 | D        | Found an ancient bone altar of Kikubaaqudgha.
   195 | D        | Reached **** piety under Trog
   211 | D        | Found a glowing silver altar of Zin.
   211 | D        | Found a glowing golden altar of the Shining One.
   211 | D        | Found a white marble altar of Elyvilon.
   211 | D        | Noticed a deep elf pyromancer
   215 | D        | Noticed a fire elemental
   222 | D        | Killed from afar by a deep elf pyromancer

Illustrated notes

Levels and vault maps discovered:
D:        dungeon_sprint_mu [sprint_mu_entry_forest, sprint_mu_temple_rooms,
          sprint_mu_d1_spiders, sprint_mu_d2_genie, sprint_mu_d3_branching,
          sprint_mu_orc_legion, sprint_mu_elf_gauntlet, sprint_mu_hive_nellie,
          sprint_mu_lair_fedhas, sprint_mu_vaults_butterflies,
          sprint_mu_slime_circle, sprint_mu_shoals_archi,
          sprint_mu_snake_twists, sprint_mu_blade_basic, sprint_mu_crypt_lich,
          sprint_mu_tomb_spiral, sprint_mu_vestibule_basic,
          sprint_mu_gehenna_hellfire, sprint_mu_dis_giant,
          sprint_mu_tartarus_statrot, sprint_mu_cocytus_islands, sprint_mu_zot1]

Skill      XL: |  1  2  3  4  5 |
---------------+----------------+-----
Fighting       | 3 4 5 6 |  6.3
Dodging        | 3 4 5 6 |  6.2
Unarmed Combat | 4 5 6 7 |  7.4

Action                     |  1- 3 |  4- 6 || total
---------------------------+-------+-------++-------
  Melee: Unarmed           |    23 |    26 ||    49
 Invoke: Berserk           |     1 |     1 ||     2
    Use: Potion            |       |     1 ||     1
   Stab: Sleeping          |     2 |       ||     2
 Armour: Animal skin       |    10 |    19 ||    29
  Dodge: Dodged            |     9 |    10 ||    19

Table legend: (Time is in decaauts)
 A = Elapsed time spent in this place.
 B = Non-inter-level travel time spent in this place.
 C = Inter-level travel time spent in this place.
 D = Time resting spent in this place.
 E = Time spent auto-exploring this place.
 F = Levels seen in this place.
 G = Mean time per level.
                   A        B        C        D        E       F      G
               +--------+--------+--------+--------+--------+-----+--------+
         Total |    230 |    230 |      0 |     68 |     58 |   1 |  230.0 |
       Dungeon |    230 |    230 |      0 |     68 |     58 |   1 |  230.0 |
               +--------+--------+--------+--------+--------+-----+--------+

Top non-repeatable levels by time:
       D: 230 daAuts
